Map: Blackpink LE

Players

Infamous

  • Race: Protoss Protoss
  • League: Silver
  • Spawn Location: 7:00

Chesnov - Winner!

  • Race: Zerg Zerg
  • League: Silver
  • Spawn Location: 1:00

VOD

Have the link to the VOD?

Description

Time

  • Played on: March 26, 2018, 12:13 p.m.
  • Length: 8:45
Show
View Real Time Build Order
Export as new Build Order

Infamous Protoss 

Build Orders: Colossus Rush 

Get SALT Encoding   

  12  0:01  Probe  
  13  0:13  Probe  
  14  0:22  Pylon  
  14  0:25  Probe  
  15  0:43  Probe (Chrono Boost)  
  15  0:44  Gateway  
  16  0:54  Probe (Chrono Boost)  
  17  0:59  Probe (Chrono Boost)  
  18  1:10  Probe (Chrono Boost)  
  19  1:12  Assimilator  
  19  1:18  Pylon  
  19  1:22  Probe (Chrono Boost)  
  20  1:33  Probe (Chrono Boost)  
  20  1:35  Pylon  
  20  1:40  Cybernetics Core  
  20  1:47  Assimilator  
  20  1:54  Zealot  
  20  1:57  Probe  
  23  2:10  Gateway  
  23  2:11  Gateway  
  23  2:15  Probe  
  24  2:18  Warp Gate (Chrono Boost)  
  24  2:27  Probe  
  25  2:35  Robotics Facility  
  25  2:48  Probe, Gateway  
  26  2:51  Adept  
  28  3:05  Probe  
  29  3:22  Nexus  
  29  3:26  Observer  
  30  3:35  Twilight Council  
  30  3:49  Probe  
  30  3:54  Pylon  
  31  3:56  Immortal  
  35  4:08  Charge (Chrono Boost)  
  35  4:10  Pylon  
  35  4:14  Probe  
  36  4:17  Sentry  
  36  4:19  Sentry  
  40  4:39  Stalker x2  
  40  4:42  Probe  
  40  4:43  Probe  
  40  4:44  Colossus  
  46  4:57  Probe (Chrono Boost)  
  46  4:58  Immortal  
  51  5:00  Probe (Chrono Boost)  
  53  5:11  Probe (Chrono Boost)  
  53  5:12  Shield Battery  
  53  5:20  Probe  
  53  5:21  Probe  
  55  5:26  Pylon  
  55  5:27  Assimilator  
  55  5:28  Pylon  
  55  5:32  Sentry  
  55  5:33  Sentry  
  55  5:35  Shield Battery  
  59  5:51  Immortal  
  63  6:03  Assimilator  
  63  6:06  Probe (Chrono Boost)  
  65  6:12  Probe (Chrono Boost)  
  65  6:17  Forge  
  65  6:20  Stalker x2  
  65  6:21  Stalker x2  
  73  6:34  Probe (Chrono Boost)  
  75  6:40  Probe (Chrono Boost)  
  75  6:42  Immortal  
  75  6:45  Probe (Chrono Boost)  
  81  6:49  Probe (Chrono Boost)  
  81  7:01  Zealot x2  
  85  7:19  Pylon  
  86  7:28  Probe (Chrono Boost)  
  83  7:31  Probe (Chrono Boost)  
  83  7:36  Probe (Chrono Boost)  
  68  7:38  Zealot x3  
  68  7:39  Zealot  
  76  7:48  Probe x2  
  68  8:00  Probe, Zealot x3  
  68  8:01  Zealot  
  51  8:21  Zealot x2  
  51  8:22  Zealot x2  
  50  8:36  Probe (Chrono Boost)  
Show
View Real Time Build Order
Export as new Build Order

Chesnov Zerg - Winner!

Build Orders: Hatch First 

Get SALT Encoding   

  12  0:01  Drone  
  13  0:12  Overlord  
  13  0:20  Drone  
  14  0:30  Drone  
  14  0:31  Drone  
  16  0:36  Drone  
  17  0:55  Hatchery  
  17  0:57  Drone  
  17  0:59  Drone  
  17  1:04  Extractor  
  17  1:16  Drone  
  18  1:22  Spawning Pool  
  17  1:26  Drone  
  18  1:45  Drone x2  
  20  1:54  Drone  
  20  2:00  Overlord  
  21  2:09  Queen, Metabolic Boost  
  23  2:16  Drone x2  
  25  2:28  Queen  
  27  2:30  Drone x3  
  27  2:36  Overlord  
  30  2:45  Queen  
  32  3:00  Drone x3  
  32  3:01  Drone, Roach Warren  
  32  3:05  Drone x2  
  37  3:17  Drone x2  
  39  3:30  Drone  
  39  3:31  Drone x3  
  43  3:36  Extractor  
  42  3:52  Evolution Chamber  
  41  3:56  Roach  
  41  3:58  Overlord x3  
  43  4:11  Drone  
  43  4:14  Overlord x2  
  44  4:26  Zerg Missile Weapons Level 1  
  44  4:28  Roach x8  
  44  4:31  Roach  
  62  4:40  Overlord  
  62  4:58  Roach  
  62  4:59  Roach x5  
  74  5:01  Overlord  
  74  5:06  Drone  
  75  5:16  Overlord  
  75  5:17  Drone  
  76  5:23  Ravager  
  76  5:25  Ravager  
  78  5:33  Extractor  
  77  5:36  Extractor  
  77  5:37  Drone x6  
  82  6:00  Roach x4  
  82  6:02  Ravager  
  82  6:04  Hatchery  
  90  6:18  Ravager  
  91  6:20  Ravager  
  92  6:30  Ravager  
  93  6:37  Roach x3  
  99  6:40  Overlord x3  
  99  6:45  Ravager  
  100  6:55  Overlord x2  
  100  6:58  Drone x4  
  102  7:09  Ravager  
  102  7:10  Ravager x3  
  102  7:14  Roach  
  102  7:15  Roach  
  110  7:17  Zergling x8  
  110  7:19  Overlord x2  
  96  7:44  Zergling x2  
  96  7:45  Zergling x14  
  87  8:15  Ravager x2  
  80  8:29  Drone  
Tags
 
Add a new tag
Caveats
  • Supply blocks, unpowered buildings, or Contaminate may cause inaccurate times.
  • Supply counts are checked every 10 seconds.